 Dungeon Crawl Stone Soup version 0.27-a0-95-g5a9077b8ae (webtiles) character file.

Game seed: 13763225588667812709

154393 Essalna the Eclecticist (level 16, -5/101 HPs)
             Began as a Deep Elf Air Elementalist on Jan 18, 2021.
             Was a High Priest of Vehumet.
             Slain by a skeletal warrior
             ... wielding a +1 hand axe of electrocution
             ... led by a skeletal warrior
              (11 damage)
             ... on level 14 of the Dungeon.
             The game lasted 02:05:00 (39065 turns).

Essalna the Eclecticist (DEAE)                     Turns: 39065, Time: 02:05:01

Health: -5/101     AC: 15    Str:  5    XL:     16   Next: 78%
Magic:  14/50      EV: 22    Int: 34    God:    Vehumet [*****.]
Gold:   3411       SH:  6    Dex: 15    Spells: 40/53 levels left

rFire    . . .     SeeInvis .   W - staff of air
rCold    . . .     Faith    .   Y - +1 buckler {AC+3}
rNeg     . . .     Spirit   .   z - +0 leather armour {rPois}
rPois    +         Reflect  .   j - +0 helmet
rElec    +         Harm     .   y - +2 cloak {Will+}
rCorr    .         Rampage  .   F - +0 pair of gloves
Will     ++...                  v - +2 pair of boots
Stlth    ++........             V - amulet of magic regeneration
HPRegen  0.26/turn              K - +6 ring of intelligence
MPRegen  0.57/turn              H - ring of magical power

@: no status effects
A: no striking features
}: 1/15 runes: decaying
a: Renounce Religion


You were on level 14 of the Dungeon.
You worshipped Vehumet.
Vehumet was extremely pleased with you.
You visited 5 branches of the dungeon, and saw 27 of its levels.

You collected 4135 gold pieces.
You spent 724 gold pieces at shops.

Inventory:

Hand Weapons
 b - the cursed +3 rapier "Gadoex" {elec, Will+ Int+3 Dex+5, unknown}
   (You found it on level 1 of the Swamp)

   Occasionally, upon striking a foe, it can discharge electrical energy and
   cause terrible harm.
   It affects your intelligence (+3).
   It affects your dexterity (+5).
   It affects your willpower, your defense against some magical effects.
   It has a curse placed upon it.
 T - the +7 hand crossbow of Hetulirch {penet, rF++ Str-3 Dex+3 Stlth+}
   (You found it on level 11 of the Dungeon)

   Ammo fired by it passes through the targets it hits, potentially hitting all
   targets in its path until it reaches maximum range.
   It affects your strength (-3).
   It affects your dexterity (+3).
   It greatly protects you from fire.
   It makes you more stealthy.
Armour
 j - a +0 helmet (worn)
 q - the +6 scale mail of Impatience {Str+5, unknown}
   (You found it on level 4 of the Lair of Beasts)

   It affects your strength (+5).
 r - +0 swamp dragon scales
 v - a +2 pair of boots (worn)
 y - a +2 cloak of willpower (worn)
 z - a +0 leather armour of poison resistance (worn)
 F - a +0 pair of gloves (worn)
 O - a +0 troll leather armour
 Y - a +1 buckler of protection (worn)
Magical Staves
 s - an uncursed staff of death
 S - an uncursed staff of poison {unknown}
 W - an uncursed staff of air (weapon)
Jewellery
 o - an uncursed ring of resist corrosion
 H - a ring of magical power (right hand)
 I - an uncursed ring of wizardry {unknown}
 K - a +6 ring of intelligence (left hand)
 R - an uncursed amulet of reflection {unknown}
 V - an amulet of magic regeneration (around neck)
 Z - a +4 ring of protection
Wands
 i - a wand of disintegration (39)
 G - a wand of iceblast (40)
 J - a wand of acid (8)
 M - a wand of random effects (17)
 P - a wand of flame (22)
Scrolls
 d - 2 scrolls of teleportation
 e - 2 scrolls of fog
 k - 2 scrolls of magic mapping
 n - 5 scrolls of enchant weapon
 p - 16 scrolls of remove curse
 t - 5 scrolls of blinking
 C - 6 scrolls of identify
 D - 3 scrolls of brand weapon
 E - 2 scrolls of enchant armour
 L - a scroll of silence
 X - 2 scrolls of amnesia {unknown}
Potions
 c - 10 potions of heal wounds
 g - 4 potions of invisibility
 h - 6 potions of berserk rage
 l - 2 potions of ambrosia
 m - 10 potions of brilliance
 u - 10 potions of lignification
 w - 8 potions of mutation
 x - 13 potions of curing
 A - 2 potions of might
 B - 4 potions of attraction
 Q - 2 potions of haste
 U - 5 potions of flight


   Skills:
 + Level 11.9 Fighting
 - Level 4.0 Armour
 + Level 16.3 Dodging
 - Level 2.4 Stealth
 - Level 4.0 Shields
 + Level 19.3 Spellcasting
 - Level 3.2 Conjurations
 + Level 15.6 Air Magic


You had 40 spell levels left.
You knew the following spells:

 Your Spells              Type           Power        Failure   Level
a - Shock                 Conj/Air       100%         1%          1
b - Swiftness             Air            100%         0%          2
c - Airstrike             Air            59%          1%          4
d - Conjure Ball Lightni  Conj/Air       49%          1%          6

Your spell library contained the following spells:

 Spells                   Type           Power        Failure   Level
 Iron Shot                Conj/Erth      21%          30%         6
 Animate Skeleton         Necr           64%          1%          1
 Apportation              Tloc           64%          1%          1
 Corona                   Hex            35%          1%          1
 Magic Dart               Conj           100%         1%          1
 Pain                     Necr           100%         1%          1
 Sting                    Tmut/Pois      100%         1%          1
 Summon Small Mammal      Summ           100%         1%          1
 Poisonous Vapours        Pois/Air       100%         1%          2
 Searing Ray              Conj           100%         1%          2
 Dazzling Flash           Conj/Hex       86%          1%          3
 Ignite Poison            Fire/Tmut/Pois 32%          1%          3
 Mephitic Cloud           Conj/Pois/Air  85%          1%          3
 Static Discharge         Conj/Air       98%          1%          3
 Lightning Bolt           Conj/Air       49%          1%          5
 Ensorcelled Hibernation  Hex/Ice        64%          2%          2
 Fulminant Prism          Conj/Hex       21%          2%          4
 Iskenderun's Mystic Bla  Conj/Tloc      43%          2%          4
 Confusing Touch          Hex            32%          4%          3
 Tukima's Dance           Hex            32%          4%          3
 Vampiric Draining        Necr           16%          4%          3
 Olgreb's Toxic Radiance  Pois           32%          4%          4
 Irradiate                Conj/Tmut      21%          6%          5
 Animate Dead             Necr           16%          16%         4
 Agony                    Necr           32%          41%         5
 Hydra Form               Tmut           16%          94%         6
 Statue Form              Tmut/Erth      21%          94%         6
 Dragon Form              Tmut           16%          100%        7


Dungeon Overview and Level Annotations

Branches:
Dungeon (14/15)            Temple (1/1) D:5            Lair (6/6) D:10
  Swamp (4/4) Lair:4       Spider (0/4) Lair:3        Slime (0/5) Lair:5
    Orc (2/2) D:11            Elf (0/3) Orc:2
 Vaults: D:13-14

Altars:
Ashenzari
Cheibriados
Dithmenos
Elyvilon
Fedhas
Gozag
Hepliaklqana
Kikubaaqudgha
Makhleb
Okawaru
Qazlal
Ru
Sif Muna
Trog
Uskayaw
Vehumet
Wu Jian
Xom
Yredelemnul
Zin
The Shining One
Beogh
Jiyva

Shops:
D:5 !   D:7 =   Orc:1 *   Orc:2 }(=!


Message History

The zap hits the skeletal warrior but does no damage.
The skeletal warrior is lightly damaged.
The zap hits the skeletal warrior but does no damage.
The skeletal warrior misses you.
The skeletal warrior hits you with a +1 hand axe of electrocution!
* * * LOW HITPOINT WARNING * * *
Aiming: Shock (safe; 1% risk of failure)
Press: ? - help, Q - select action, (/) - cycle Shift-Dir - straight line, f/p - skeletal warrior
Aim: a skeletal warrior, wielding a +1 hand axe of electrocution (severely damaged, 26% to evade)
You feel a surge of power!
The zap hits the skeletal warrior but does no damage.
The skeletal warrior is severely damaged.
The zap hits the skeletal warrior but does no damage.
The skeletal warrior is lightly damaged.
The zap hits the skeletal warrior.
The skeletal warrior is lightly damaged.
The skeletal warrior hits you from afar with a cursed -2 trident!
* * * LOW HITPOINT WARNING * * *
The skeletal warrior hits you with a +1 hand axe of electrocution!
You die...

##.........##.####
#.......
.................#####
#.......
##.#############.....##
#....... #.# #......#
#....... #.# +......#
#####... ##.#
+.[###.### #### ...#
+..#...... ...#
#......### ...#
#@###### ...# #z# ...#
#z# ...# #z# ...# #.#
### ...# #.##...#
...#############..)...+
##...............##...#
#######.##.#.#### .....


You could see 3 skeletal warriors.

Vanquished Creatures
  A thorn hunter (Swamp:3)
  Louise (Swamp:4)
  The ghost of Hejiac the Arsonist, a journeyman DrTm of Sif Muna (D:14)
  A dire elephant (Lair:6)
  3 bunyips
  Snorg (D:12)
  A merfolk javelineer (D:13)
  5 eleionomae
  A yaktaur captain (D:14)
  A shambling mangrove (Swamp:4)
  The ghost of Runute the Geomancer, a journeyman GrEE of Vehumet (D:13)
  Harold (D:8)
  3 boulder beetles
  A catoblepas (Lair:6)
  A ghost crab (Swamp:1)
  A death knight (D:14)
  29 hydras
  A centaur warrior (D:14)
  4 alligators
  3 two-headed ogres
  A deep troll shaman (Lair:6)
  3 tengu warriors (D:13)
  6 death yaks
  2 spriggan berserkers (Swamp:4)
  4 orc high priests (Orc:2)
  4 spriggans
  Nergalle (D:12)
  3 goliath frogs
  4 spriggan druids
  4 unseen horrors
  9 bog bodies
  8 swamp dragons
  An orc knight (Orc:1)
  2 ugly things (D:11)
  4 deep elf magi
  4 orc sorcerers
  3 cyclopes
  3 will-o-the-wisps
  4 oklob plants (Lair:5)
  Maurice (D:8)
  2 manticores (D:12)
  4 black mambas
  14 elephants
  A torpor snail (Lair:3)
  10 cane toads
  A gargoyle (D:7)
  An efreet (D:13)
  2 rime drakes
  14 komodo dragons
  2 kobold demonologists
  A tengu conjurer (D:14)
  The ghost of Tewichka the Sneak, a novice SpEn of Gozag (D:8)
  4 meliai
  A polar bear (Lair:6)
  5 trolls
  3 bloated husks (Swamp:3)
  8 slime creatures
  4 hornets
  10 tyrant leeches
  14 blink frogs
  The ghost of spacewizard the Bolt Thrower, an amateur KoHu (D:3)
  A redback (Lair:3)
  2 vampires
  2 wraiths
  82 yaks
  3 wyverns
  7 basilisks
  11 vampire mosquitoes
  A steam dragon (D:11)
  Edmund (D:5)
  21 swamp worms
  8 wargs
  An acid dragon (D:14)
  10 water moccasins
  17 orc warriors
  5 sky beasts
  8 swamp drakes
  4 ice beasts
  6 black bears
  2 phantoms
  2 necrophages
  11 ogres
  16 centaurs
  32 wolves
  3 boggarts (D:14)
  9 big kobolds
  15 bullfrogs
  7 scorpions
  A water moccasin skeleton (D:10)
  22 killer bees
  2 troll zombies (Swamp:1)
  5 wights (D:12)
  3 howler monkeys
  2 troll skeletons (Swamp:1)
  3 centaur zombies
  2 bullfrog zombies
  5 hounds
  A quasit (D:11)
  6 centaur skeletons
  38 orc priests
  27 orc wizards
  Crazy Yiuf (D:6)
  3 jellies
  2 bullfrog skeletons
  4 iguanas
  7 worker ants
  2 killer bee zombies
  A hound skeleton (D:11)
  A hound zombie (D:9)
  A spectral worker ant (D:8)
  A mummy (D:8)
  Robin (D:2)
  A howler monkey skeleton (D:9)
  7 gnolls
  16 adders
  2 shadow imps
  6 white imps
  2 ufetubi
  2 adder zombies
  2 worms (D:2)
  3 dart slugs
  10 leopard geckos
  119 orcs
  A ball python (D:6)
  3 giant cockroaches
  17 goblins
  7 hobgoblins
  8 jackals
  5 quokkas
  A ball python zombie (D:6)
  6 bats
  4 frilled lizards
  2 gnoll zombies (D:6)
  A jackal zombie (D:9)
  35 kobolds
  A quokka zombie (D:5)
  6 rats
930 creatures vanquished.

Vanquished Creatures (collateral kills)
  3 ball lightnings
3 creatures vanquished.

Vanquished Creatures (others)
  A bloated husk (Swamp:1)
  59 ball lightnings
  7 fungi
  48 plants
  7 withered plants (D:6)
122 creatures vanquished.

Grand Total: 1055 creatures vanquished

Notes
Turn   | Place    | Note
-------+----------+-------------------------------------------
     0 | D:1      | Essalna the Deep Elf Air Elementalist began the quest for
                  | the Orb.
     0 | D:1      | Reached XP level 1. HP: 10/10 MP: 6/6
   381 | D:1      | Reached XP level 2. HP: 15/15 MP: 5/8
   838 | D:1      | Reached XP level 3. HP: 19/19 MP: 5/10
  1117 | D:2      | Found an iron altar of Okawaru.
  1203 | D:2      | Reached skill level 4 in Spellcasting
  1210 | D:2      | Noticed Robin
  1399 | D:2      | Killed Robin
  1400 | D:2      | Reached XP level 4. HP: 24/24 MP: 1/12
  2140 | D:2      | Found a burning altar of Makhleb.
  2524 | D:3      | Found a runed translucent gate.
  2525 | D:3      | Found a runed translucent gate.
  2526 | D:3      | Found a runed translucent gate.
  2699 | D:3      | Found a sacrificial altar of Ru.
  2763 | D:3      | Reached XP level 5. HP: 28/28 MP: 4/14
  2915 | D:3      | Noticed spacewizard's ghost (amateur KoHu)
  3305 | D:4      | Reached skill level 5 in Spellcasting
  3379 | D:4      | Reached skill level 1 in Shields
  3495 | D:4      | Noticed a phantom
  3582 | D:4      | Noticed an ogre
  3593 | D:4      | Reached XP level 6. HP: 27/32 MP: 13/16
  3731 | D:4      | Reached skill level 6 in Spellcasting
  3731 | D:4      | Reached skill level 5 in Air Magic
  3734 | D:4      | Learned a level 2 spell: Swiftness
  3739 | D:4      | Learned a level 4 spell: Airstrike
  3990 | D:4      | Reached XP level 7. HP: 36/36 MP: 13/18
  4251 | D:5      | Entered Level 5 of the Dungeon
  4295 | D:5      | Found Tessath's Distillery.
  4303 | D:5      | Bought 2 potions of curing for 84 gold pieces
  4303 | D:5      | Bought a potion of heal wounds for 70 gold pieces
  4304 | D:5      | Noticed Edmund
  4352 | D:5      | Noticed a two-headed ogre
  4671 | D:6      | Reached skill level 7 in Spellcasting
  4745 | D:6      | Reached XP level 8. HP: 24/41 MP: 0/21
  5430 | D:5      | Reached skill level 8 in Spellcasting
  5628 | D:5      | Killed a two-headed ogre
  5629 | D:5      | Reached skill level 9 in Spellcasting
  6030 | D:5      | Killed Edmund
  6031 | D:5      | Reached skill level 10 in Spellcasting
  6031 | D:5      | Reached XP level 9. HP: 27/45 MP: 0/25
  6225 | D:5      | Found a staircase to the Ecumenical Temple.
  6236 | Temple   | Entered the Ecumenical Temple
  6383 | Temple   | Became a worshipper of Vehumet
  7133 | D:6      | Found a basalt altar of Yredelemnul.
  7247 | D:6      | Found a runed translucent door.
  7248 | D:6      | Noticed Crazy Yiuf
  7254 | D:6      | Killed Crazy Yiuf
  7651 | D:6      | Reached skill level 1 in Fighting
  7804 | D:6      | Reached skill level 1 in Armour
  7964 | D:6      | Found an ancient bone altar of Kikubaaqudgha.
  7966 | D:6      | Found a blossoming altar of Fedhas.
  8424 | D:7      | Noticed a gargoyle
  8427 | D:7      | Killed a gargoyle
  8427 | D:7      | Reached * piety under Vehumet
  8427 | D:7      | Offered knowledge of Foxfire by Vehumet.
  8879 | D:7      | Reached skill level 11 in Spellcasting
  8949 | D:7      | Found a white marble altar of Elyvilon.
  9030 | D:7      | Found Tokkem Ichy's Jewellery Boutique.
  9038 | D:7      | Bought an uncursed ring of magical power for 240 gold
                  | pieces
  9265 | D:8      | Found an opulent altar of Gozag.
  9265 | D:8      | Found a glowing golden altar of the Shining One.
  9321 | D:8      | Reached XP level 10. HP: 54/54 MP: 9/27
  9489 | D:8      | Found an ornate altar of the Wu Jian Council.
  9497 | D:8      | Found a snail-covered altar of Cheibriados.
  9642 | D:8      | Reached skill level 5 in Dodging
  9720 | D:8      | Found a shimmering altar of Xom.
  9942 | D:8      | Noticed Harold
  9953 | D:8      | Killed Harold
 10146 | D:8      | Noticed Tewichka's ghost (novice SpEn)
 10232 | D:8      | Noticed Maurice
 10237 | D:8      | Killed Maurice
 10440 | D:8      | Found a transporter.
 10461 | D:8      | Found a transporter.
 10934 | D:3      | Killed spacewizard's ghost
 10947 | D:3      | Reached ** piety under Vehumet
 10947 | D:3      | Offered knowledge of Freeze by Vehumet.
 11582 | D:8      | Reached skill level 12 in Spellcasting
 11728 | D:8      | Offered knowledge of Frozen Ramparts by Vehumet.
 11934 | D:9      | Reached XP level 11. HP: 62/62 MP: 25/29
 11993 | D:9      | Reached *** piety under Vehumet
 12238 | D:9      | Found an opulent altar of Gozag.
 12599 | D:9      | Offered knowledge of Stone Arrow by Vehumet.
 12631 | D:10     | Entered Level 10 of the Dungeon
 12826 | D:10     | Found a staircase to the Lair.
 12832 | D:10     | Reached skill level 10 in Air Magic
 13324 | D:10     | Got a transparent trident
 13325 | D:10     | Identified the +11 trident of the Extremely Mad {venom,
                  | *Noise rPois Str-4 Int+4} (You found it on level 10 of the
                  | Dungeon)
 13672 | D:11     | Reached **** piety under Vehumet
 13932 | D:11     | Offered knowledge of Irradiate by Vehumet.
 14089 | D:11     | Reached skill level 5 in Fighting
 14618 | D:11     | Noticed a green ugly thing
 14788 | D:11     | Got a crystal hand crossbow
 14789 | D:11     | Identified the +7 hand crossbow of Hetulirch {penet, rF++
                  | Str-3 Dex+3 Stlth+} (You found it on level 11 of the
                  | Dungeon)
 14796 | D:11     | Noticed a red ugly thing
 14806 | D:11     | Killed a red ugly thing
 14839 | D:11     | Killed a green ugly thing
 14840 | D:11     | Reached skill level 13 in Spellcasting
 15094 | D:11     | Found a staircase to the Orcish Mines.
 15502 | Lair:1   | Entered Level 1 of the Lair of Beasts
 15584 | Orc:1    | Entered Level 1 of the Orcish Mines
 15584 | Orc:1    | Noticed an orc sorcerer
 15584 | Orc:1    | Noticed a two-headed ogre
 15590 | D:11     | Killed a two-headed ogre
 15590 | D:11     | Reached ***** piety under Vehumet
 15593 | D:11     | Killed an orc sorcerer
 15732 | Orc:1    | Offered knowledge of Yara's Violent Unravelling by Vehumet.
 16055 | Orc:1    | Noticed an orc sorcerer
 16057 | Orc:1    | Killed an orc sorcerer
 16057 | Orc:1    | Noticed an orc sorcerer
 16058 | Orc:1    | Reached XP level 12. HP: 70/70 MP: 31/31
 16389 | Orc:1    | Found a roughly hewn altar of Beogh.
 16720 | D:11     | HP: 3/71 [orc warrior/+0 flail[an orc knight] (17)]
 17386 | Orc:1    | Found Ajos's General Store.
 17457 | Orc:2    | Entered Level 2 of the Orcish Mines
 17671 | Orc:2    | Found a staircase to the Elven Halls.
 17853 | Orc:2    | Reached skill level 10 in Dodging
 17879 | Orc:2    | Noticed an orc high priest
 17883 | Orc:2    | Killed an orc high priest
 17884 | Orc:2    | Reached skill level 14 in Spellcasting
 18020 | Orc:2    | Noticed an orc high priest
 18023 | Orc:2    | Killed an orc high priest
 18328 | Orc:2    | Found Nyrog's Weapon Shoppe.
 18367 | Orc:2    | Noticed an orc high priest
 18385 | Orc:2    | Killed an orc high priest
 18537 | Orc:2    | Found Poixtir's Gadget Shop.
 18537 | Orc:2    | Noticed an orc high priest
 18557 | Orc:2    | Killed an orc high priest
 18798 | Orc:2    | Found a roughly hewn altar of Beogh.
 18973 | Orc:2    | Found Lyshrif's Jewellery Shop.
 18973 | Orc:2    | Found Lizxiwump's Distillery.
 19000 | Orc:2    | Bought an uncursed amulet of magic regeneration for 330
                  | gold pieces
 19970 | Lair:1   | Noticed an eight-headed hydra
 19974 | Lair:1   | Killed an eight-headed hydra
 20444 | Lair:1   | Reached XP level 13. HP: 77/77 MP: 28/33
 21775 | Lair:3   | Reached skill level 15 in Spellcasting
 21847 | Lair:3   | Found a hole to the Spider Nest.
 23046 | Lair:4   | Reached ****** piety under Vehumet
 23080 | Lair:4   | Offered knowledge of Bolt of Magma by Vehumet.
 24225 | Lair:4   | Found a staircase to the Swamp.
 24489 | Lair:4   | Got a pitted scale mail
 24910 | Lair:5   | Reached skill level 16 in Spellcasting
 24980 | Lair:5   | Reached XP level 14. HP: 86/86 MP: 36/36
 25929 | Lair:5   | Found a viscous altar of Jiyva.
 25929 | Lair:5   | Found a staircase to the Slime Pits.
 26246 | Lair:5   | Offered knowledge of Iskenderun's Battlesphere by Vehumet.
 26333 | Lair:6   | Entered Level 6 of the Lair of Beasts
 28476 | Lair:6   | Reached skill level 17 in Spellcasting
 28698 | Swamp:1  | Entered Level 1 of the Swamp
 28703 | Swamp:1  | Reached skill level 10 in Fighting
 29261 | Swamp:1  | Offered knowledge of Conjure Ball Lightning by Vehumet.
 29523 | Swamp:1  | Reached XP level 15. HP: 92/92 MP: 36/38
 29713 | Swamp:1  | Identified a scroll of acquirement
 29713 | Swamp:1  | Acquired 852 gold pieces
 29815 | Swamp:1  | Found a bloodstained altar of Trog.
 29821 | Swamp:1  | Got an ichor-stained rapier
 30852 | Swamp:2  | Learned a level 6 spell: Conjure Ball Lightning
 31521 | Swamp:3  | Noticed a thorn hunter
 31525 | Swamp:3  | Killed a thorn hunter
 32132 | Swamp:3  | Reached skill level 18 in Spellcasting
 32383 | Swamp:4  | Entered Level 4 of the Swamp
 32549 | Swamp:4  | Noticed Louise
 32555 | Swamp:4  | Killed Louise
 32556 | Swamp:4  | Reached skill level 15 in Dodging
 32892 | Swamp:4  | Offered knowledge of Freezing Cloud by Vehumet.
 33759 | Swamp:4  | Reached XP level 16. HP: 100/100 MP: 35/40
 33876 | Swamp:4  | Got a decaying rune of Zot
 34035 | Swamp:4  | Reached skill level 15 in Air Magic
 34548 | D:12     | Noticed Nergalle
 34555 | D:12     | Killed Nergalle
 35044 | D:12     | You fall into a shaft and drop 1 floor!
 35381 | D:12     | Noticed Snorg
 35448 | D:12     | Offered knowledge of Fireball by Vehumet.
 35494 | D:12     | Killed Snorg
 36601 | D:13     | Found a runed translucent gate.
 36601 | D:13     | Found a runed translucent gate.
 36602 | D:13     | Found a runed translucent gate.
 36603 | D:13     | Found an iron altar of Okawaru.
 36603 | D:13     | Noticed Runute's ghost (journeyman GrEE)
 36604 | D:13     | Identified the +1 ring mail of Vampiric Thralls {rC- Int+6}
 37183 | D:8      | Killed Tewichka's ghost
 37447 | D:13     | Reached skill level 19 in Spellcasting
 37477 | D:13     | Killed Runute's ghost
 38003 | D:14     | Offered knowledge of Iron Shot by Vehumet.
 38682 | D:14     | Found a runed translucent door.
 38683 | D:14     | Noticed Hejiac's ghost (journeyman DrTm)
 38722 | D:14     | Killed Hejiac's ghost
 39065 | D:14     | Slain by a skeletal warrior

Illustrated notes

Levels and vault maps discovered:
D:1:      dpeg_arrival_short_road, layout_basic
D:2:      layout_loops_cross, okawaru_trees_1, lightli_temple_of_fire,
          uniq_robin
D:3:      layout_rooms, nicolae_overflow_crystal_walls,
          gammafunk_ghost_nasty_kobolds, hangedman_decor_push,
          corexii_item_surrounded_by_moat
D:4:      layout_rooms, minmay_quantized
D:5:      layout_basic, minmay_temple_entry_antechambers, serial_shops,
          nicolae_shop_crystal, interstate_on_off,
          minmay_misc_feat_more_columns, dk_noncrumbling_2, kennysheep_nub,
          uniq_edmund
D:6:      layout_loops_ring, grunt_temple_overflow_growth_and_decay,
          lemuel_zombie_altar_yredelemnul, uniq_crazy_yiuf_cottage
D:7:      cheibrodos_fzero, layout_rooms, elyvilon_altar_3, serial_shops,
          nicolae_shop_stone, hangedman_decor_diamond_cutter
D:8:      layout_layer_cave, slow_altar_1, grunt_temple_overflow_open,
          gammafunk_ghost_mausoleum, basic_altar, uniq_harold, uniq_maurice
D:9:      layout_roguey [special_room_orc],
          nicolae_gozag_cash_rules_everything_around_me
D:10:     layout_roguey, david_lair_shrubbed
D:11:     layout_loops_ring, david_orc_3
D:12:     layout_basic, uniq_snorg, uniq_nergalle
D:13:     layout_small_grid, gammafunk_ghost_fury_of_okawaru, drop_trap,
          eino_jars
D:14:     layout_basic, grunt_vaults_entry_tiered, ebering_ghost_inner_flame,
          minmay_door_square
Temple:   minmay_temple_curvy_loop
Lair:1:   layout_gridlike
Lair:2:   layout_long_grid, lemuel_fruit_tree
Lair:3:   layout_cave_pods, spider_nest_entry_rubble, worms_lemuel
Lair:4:   layout_hall_layers, minmay_swamp_entry_worms
Lair:5:   layout_cave_pods, dpeg_slime_entry_enclosed_altar,
          chequers_serial_rivers_micro_b, minmay_lair_oklob_chamber,
          infiniplex_staircase_pool, lemuel_fruit_fields, serial_bayou_shore_b,
          lemuel_fruit_fields, lemuel_fruit_fields
Lair:6:   grunt_lair_end_beastmaster, layout_cave_pods, st_stairs_11
Swamp:1:  layout_falls_marsh, nicolae_swamp_godswood, swamp_pool4,
          cheibrodos_swamp_minitomb, infiniplex_staircase_pool_2
Swamp:2:  layout_basic_swamp, evilmike_swamp_ruin_house_5
Swamp:3:  layout_falls_marsh, evilmike_swamp_ruin_house_2, swamp_pool5,
          nicolae_swamp_triple_paths
Swamp:4:  swamp_basic_johnstein, layout_basic_swamp, swamp_pool1, uniq_louise
Orc:1:    layout_caves, basic_altar, serial_shops, shop_statue
Orc:2:    st_orc_town, layout_diamond_mine

Skill      XL: |  1  2  3  4  5  6  7  8  9 10 11 12 13 14 15 16 |
---------------+-------------------------------------------------+-----
Conjurations   | 2 3 |  3.2
Spellcasting   | 4 5 6 7 10 11 12 13 14 16 17 18 19 | 19.3
Air Magic      | 4 5 6 7 8 9 10 11 13 14 15 | 15.6
Shields        | 1 2 3 4 |  4.0
Dodging        | 4 6 9 11 12 14 15 16 | 16.3
Fighting       | 2 4 6 7 9 10 11 | 11.9
Armour         | 2 4 |  4.0
Stealth        | |  2.4

Action                   |  1- 3 |  4- 6 |  7- 9 | 10-12 | 13-15 | 16-18 || total
-------------------------+-------+-------+-------+-------+-------+-------++-------
Melee: Dagger            |     1 |     6 |    34 |       |       |       ||    41
       Mace              |       |       |     3 |       |       |       ||     3
       Staff             |       |       |       |       |    16 |    24 ||    40
 Cast: Shock             |    64 |   140 |    94 |   215 |     7 |    74 ||   594
       Airstrike         |       |       |    97 |   431 |   823 |   317 ||  1668
       Swiftness         |       |       |     2 |     1 |     3 |     1 ||     7
       Conjure Ball Ligh |       |       |       |       |    22 |     5 ||    27
  Use: Scroll            |       |       |     2 |     2 |    25 |     2 ||    31
       Potion            |       |       |     1 |     1 |       |     1 ||     3
 Stab: Sleeping          |     1 |       |     1 |       |       |       ||     2
Armor: Animal skin       |       |    10 |     7 |       |       |       ||    17
       Robe              |       |     1 |       |    35 |    57 |       ||    93
       Leather armour    |       |       |       |       |    13 |    51 ||    64
Dodge: Dodged            |     1 |    21 |    52 |   133 |   287 |   140 ||   634
Block: Buckler           |       |     2 |    13 |    52 |   103 |    43 ||   213

Table legend: (Time is in decaauts)
 A = Elapsed time spent in this place.
 B = Non-inter-level travel time spent in this place.
 C = Inter-level travel time spent in this place.
 D = Time resting spent in this place.
 E = Time spent auto-exploring this place.
 F = Levels seen in this place.
 G = Mean time per level.
                   A        B        C        D        E       F      G
               +--------+--------+--------+--------+--------+-----+--------+
         Total |  39383 |  36781 |   2602 |   2236 |  29099 |  27 | 1458.6 |
       Dungeon |  21454 |  19919 |   1535 |   1073 |  15992 |  14 | 1532.4 |
        Temple |    164 |    139 |     25 |      0 |    136 |   1 |  164.0 |
          Lair |   9257 |   8687 |    570 |    570 |   6800 |   6 | 1542.8 |
         Swamp |   5706 |   5353 |    353 |    467 |   4125 |   4 | 1426.5 |
  Orcish Mines |   2799 |   2682 |    117 |    126 |   2046 |   2 | 1399.5 |
               +--------+--------+--------+--------+--------+-----+--------+

Top non-repeatable levels by time:
    D:11: 3061 daAuts
     D:5: 2154 daAuts
  Lair:6: 2151 daAuts
     D:8: 1985 daAuts
   Orc:2: 1941 daAuts
  Lair:4: 1928 daAuts
 Swamp:3: 1861 daAuts
 Swamp:1: 1858 daAuts
  Lair:5: 1814 daAuts
    D:10: 1602 daAuts
     D:6: 1579 daAuts
    D:14: 1421 daAuts
    D:12: 1410 daAuts
  Lair:3: 1407 daAuts
    D:13: 1311 daAuts
